 Dungeon Crawl Stone Soup version 0.20.0-6-gd3061e9 (webtiles) character file.

70 MDvedh the Chopper (level 4, 0/28 HPs)
             Began as a Tengu Berserker on May 28, 2017.
             Was a Believer of Trog.
             Succumbed to an adder's poison
             ... on level 2 of the Dungeon.
             The game lasted 00:01:54 (1116 turns).

MDvedh the Chopper (Tengu Berserker)                Turns: 1116, Time: 00:01:54

Health: 0/28       AC:  6    Str: 16 (18) XL:     4   Next: 22%
Magic:  4/5        EV: 11    Int:  7 (8)  God:    Trog [**....]
Gold:   145        SH:  0    Dex: 12 (13) Spells: 3/3 levels left

rFire    . . .     SeeInvis .   a - +0 hand axe
rCold    . . .     Gourm    .   (no shield)
rNeg     . . .     Faith    .   i - +0 ring mail
rPois    .         Spirit   .   (helmet restricted)
rElec    .         Reflect  .   (no cloak)
rCorr    .         Harm     .   m - +0 pair of gloves
MR       .....                  (boots unavailable)
Stlth    +.........             (no amulet)
Regen    0.1/turn               (no ring)
MPRegen  0.1/turn               (no ring)

@: lethally poisoned (0 -> -4), berserk cooldown, slowed, very slow
A: beak, talons 3
a: Berserk, Trog's Hand, Burn Spellbooks, Renounce Religion


You were on level 2 of the Dungeon.
You worshipped Trog.
Trog was pleased with you.
You were near starving.

You visited 1 branch of the dungeon, and saw 2 of its levels.

You collected 145 gold pieces.

Inventory:

Hand Weapons
 a - a +0 hand axe (weapon)
Armour
 i - a +0 ring mail (worn)
 m - a +0 pair of gloves (worn)
Jewellery
 l - a +4 ring of strength {unknown}
Scrolls
 b - 2 scrolls of amnesia {unknown}
 d - 3 scrolls of enchant armour {unknown}
 e - 2 scrolls of identify {unknown}
 q - a scroll of remove curse {unknown}
Potions
 j - a potion of degeneration
 k - a potion of might {unknown}
 n - a potion of agility {unknown}
 o - a potion of haste {unknown}
 p - a potion of curing {unknown}
Comestibles
 c - 2 bread rations
 g - 3 fruits
 r - a royal jelly


   Skills:
 - Level 3.0 Fighting
 + Level 5.4 Axes
 - Level 2.1 Armour
 - Level 2.1 Dodging


You had 3 spell levels left.
You didn't know any spells.

Dungeon Overview and Level Annotations

Branches:
Dungeon (2/15)

Altars:
Nemelex Xobeh


Innate Abilities, Weirdness & Mutations

You have a beak for a mouth.
You have claws for feet.


Message History

A gnoll comes into view.
Unknown command.
You are too berserk!
You feel a strong urge to attack something.
* * * LOW HITPOINT WARNING * * *
You feel sick.
You feel your anger subside.
You are no longer berserk.
You are exhausted.
You feel yourself slow down.
It was a potion of degeneration.
There was something very wrong with that liquid.
You feel weakened.
You feel dopey.
You feel clumsy.
* * * LOW HITPOINT WARNING * * *
You feel sick.
Unknown command.
It was a potion of mutation.
You feel extremely strange.
You feel less energetic.
You feel more energetic.
It was a potion of berserk rage.
You're still recovering from your berserk rage.
You die...

...# .# ...# ... ...#
.... ###.. .....####
...... ......†)##
###.## #.# ##†.# #..#
#.###g.## #.[#
##.##g>## #..#
#..@..## ###..#
#..#### .....# #.<#
.###.## #..## .###..##
###...###
.##....#####.#.#.(.#
.............#.###.#
.##..........#.###.##
...#######...#...#..##


You could see 2 gnolls.

Vanquished Creatures
  A gnoll (D:2)
  2 adders (D:2)
  A worm (D:2)
  A dart slug (D:1)
  A leopard gecko (D:1)
  4 ball pythons (D:1)
  A giant cockroach (D:1)
  2 goblins (D:2)
  3 hobgoblins (D:1)
  2 jackals (D:1)
  7 kobolds
  5 bats
  2 frilled lizards
  6 rats
38 creatures vanquished.

Notes
Turn   | Place    | Note
-------+----------+-------------------------------------------
     0 | D:1      | MDvedh the Tengu Berserker began the quest for the Orb.
     0 | D:1      | Reached XP level 1. HP: 14/14 MP: 2/2
    90 | D:1      | Reached XP level 2. HP: 19/19 MP: 3/3
   112 | D:1      | Reached skill level 4 in Axes
   537 | D:1      | Reached ** piety under Trog
   541 | D:1      | Reached XP level 3. HP: 21/23 MP: 4/4
   808 | D:2      | Found a sparkling altar of Nemelex Xobeh.
  1058 | D:2      | Reached skill level 5 in Axes
  1106 | D:2      | Reached XP level 4. HP: 10/28 MP: 5/5
  1114 | D:2      | HP: 1/28 [poisoned by an adder]
  1115 | D:2      | Gained mutation: Your magical capacity is low. (-10% MP) [potion of mutation]
  1115 | D:2      | Lost mutation: Your magical capacity is low. (-10% MP) [potion of mutation]
  1116 | D:2      | Succumbed to an adder's poison

Skill      XL: |  1  2  3 |
---------------+----------+-----
Axes           | 4 5 |  5.4
Fighting       | |  3.0
Armour         | |  2.1
Dodging        | |  2.1

Action                   |  1- 3 |  4- 6 || total
-------------------------+-------+-------++-------
Melee: Hand axe          |    83 |     2 ||    85
       Peck              |    14 |     1 ||    15
       Kick              |    23 |     1 ||    24
Invok: Berserk           |     1 |       ||     1
  Use: Potion            |       |     3 ||     3
Armor: Animal skin       |     1 |       ||     1
       Ring mail         |    33 |     1 ||    34
Dodge: Dodged            |    50 |       ||    50
